 Dungeon Crawl Stone Soup version 0.28.0-43-g3370ac3207 (webtiles) character file.

Game seed: 14107223830951283338

11 protoss039 the Firebug (level 2, -3/15 HPs)
             Began as a Deep Elf Fire Elementalist on Mar 3, 2022.
             Slain by a hobgoblin (4 damage)
             ... on level 1 of the Dungeon.
             The game lasted 00:01:04 (205 turns).

protoss039 the Firebug (Deep Elf Fire Elementalist)  Turns: 205, Time: 00:01:04

Health: -3/15      AC:  2    Str:  5    XL:     2   Next: 13%
Magic:  2/8        EV: 12    Int: 19    God:
Gold:   9          SH:  0    Dex: 15    Spells: 6/7 levels left

rFire   . . .      SeeInvis .   d - +0 short sword
rCold   . . .      Faith    .   (no shield)
rNeg    . . .      Spirit   .   a - +0 robe
rPois   .          Reflect  .   (no helmet)
rElec   .          Harm     .   (no cloak)
rCorr   .          Rampage  .   (no gloves)
Will    .....                   (no boots)
Stlth   ++........              (no amulet)
HPRegen 0.05/turn               (no ring)
MPRegen 0.11/turn               (no ring)

@: no status effects
A: no striking features
a: no special abilities


You were on level 1 of the Dungeon.
You visited 1 branch of the dungeon, and saw 1 of its levels.

You collected 9 gold pieces.

Inventory:

Hand Weapons
 d - a +0 short sword (weapon)
Armour
 a - a +0 robe (worn)
Scrolls
 c - a scroll of silence {unknown}
Potions
 b - a potion of attraction {unknown}


   Skills:
 * Level 2.5 Dodging
 * Level 2.8 Stealth
 + Level 3.1 Spellcasting
 + Level 1.2 Conjurations
 + Level 3.6 Fire Magic


You had 6 spell levels left.
You knew the following spells:

 Your Spells              Type           Power      Damage    Failure   Level
a - Foxfire               Conj/Fire      48%        2x1d6     5%          1

Your spell library contained the following spells:

 Spells                   Type           Power      Damage    Failure   Level
 Scorch                   Fire           32%        2d7       4%          2
 Conjure Flame            Conj/Fire      12%        6-21      17%         3
 Inner Flame              Hex/Fire       9%         N/A       22%         3
 Flame Wave               Conj/Fire      12%        2d6       50%         4


Dungeon Overview and Level Annotations

Branches:
Dungeon (1/15)

Altars:


Message History

Unknown command.
The foxfire hits the kobold.
You kill the kobold!
The foxfire hits the ball python.
The ball python is severely wounded.
The foxfire hits the ball python.
You kill the ball python!
Unknown command.
Things that are here:
a +0 short sword; 5 stones; a kobold corpse Unknown command.
d - a +0 short sword
Okay, then.
d - a +0 short sword (weapon)
A hobgoblin comes into view.
A hobgoblin is nearby!
A hobgoblin is nearby!
No target in view!
No target in view!
No target in view!
A hobgoblin is nearby!
Found a helmet.
A hobgoblin is nearby!
Found two stone staircases leading down.
You barely miss the hobgoblin. The hobgoblin barely misses you.
You hit the hobgoblin but do no damage.
A giant cockroach comes into view.
The hobgoblin hits you.
You closely miss the hobgoblin. The hobgoblin hits you.
You barely miss the hobgoblin. The hobgoblin barely misses you.
You closely miss the hobgoblin. The hobgoblin hits you.
You are too injured to fight recklessly!
Casting: Foxfire (safe; 5% risk of failure)
Confirm with . or Enter, or press ? or * to list all spells.
You conjure some foxfire!
The hobgoblin hits you.
* * * LOW HITPOINT WARNING * * *
Casting: Foxfire (safe; 5% risk of failure)
Confirm with . or Enter, or press ? or * to list all spells.
You conjure some foxfire!
The hobgoblin hits you.
You die...

..# #.## #.....### #.###
#.######....##
....###.##.....#8##
##.....(...#######
#...)...).....###
..##..#######...# #. ##
#..# ######.#######...
.........>...vv.#.......
##....########v@.B.......
#..... ......v#g....>...
##.#..........##..###..
.. ..........##
#####..#### ...^## .###


You could see a giant cockroach (ally target) and a hobgoblin (ally target).

Vanquished Creatures
  A ball python (D:1)
  2 giant cockroaches (D:1)
  3 kobolds (D:1)
  A quokka (D:1)
  A bat (D:1)
  A rat (D:1)
9 creatures vanquished.

Vanquished Creatures (others)
  20 foxfires (D:1)
20 creatures vanquished.

Grand Total: 29 creatures vanquished

Notes
Turn   | Place    | Note
-------+----------+-------------------------------------------
     0 | D:1      | protoss039 the Deep Elf Fire Elementalist began the quest
                  | for the Orb.
     0 | D:1      | Reached XP level 1. HP: 10/10 MP: 6/6
   170 | D:1      | Reached XP level 2. HP: 15/15 MP: 0/8
   205 | D:1      | Slain by a hobgoblin

Illustrated notes

Levels and vault maps discovered:
D:1:      amcnicky_arrival_single_pillar, layout_rooms, chequers_hall_statues_y

Action                   || total
-------------------------++-------
Melee: Unarmed           ||     2
       Short sword       ||     5
 Cast: Foxfire           ||    13
Armor: Robe              ||     7
Dodge: Dodged            ||     8
